 Dungeon Crawl Stone Soup version 0.30-a0-930-gb9d0489357 (webtiles) character file.

Game seed: 12468888962881409599

2331 howech the Twirler (level 9, -5/75 HPs)
             Began as a Minotaur Gladiator on Mar 23, 2023.
             Slain by a komodo dragon (15 damage)
             ... on level 9 of the Dungeon.
             The game lasted 00:14:00 (5196 turns).

howech the Twirler (Minotaur Gladiator)             Turns: 5196, Time: 00:14:01

Health: -5/75      AC: 15    Str: 25    XL:     9   Next: 19%
Magic:  11/11      EV: 12    Int:  9    God:
Gold:   280        SH:  0    Dex: 12    Spells: 10/11 levels left

rFire   . . .      SeeInvis +    a - +0 quarterstaff
rCold   . . .      Faith    .    (shield currently unavailable)
rNeg    . . .      Spirit   .    z - +6 scale mail of Yni Qumaje {rElec rPois}
rPois   +          Reflect  .    c - +0 hat
rElec   +          Rampage  .    (no cloak)
rCorr   .                        j - +1 pair of gloves
Will    .....                    (no boots) Stlth
                                 (no amulet)
HPRegen 0.32/turn                x - +6 ring of strength
MPRegen 0.12/turn                s - ring of see invisible

@: confused, ambrosia-drunk
A: horns 2, retaliatory headbutt, mutation resistance 1
a: no special abilities


You were on level 9 of the Dungeon.
You visited 2 branches of the dungeon, and saw 9 of its levels.
You also visited: Sewer.

You collected 280 gold pieces.

Inventory:

Hand Weapons
 a - a +0 quarterstaff (weapon)
 v - a +4 war axe
Missiles
 e - a javelin (quivered)
 r - 5 poisoned darts
Armour
 b - a +0 leather armour
 c - a +0 hat (worn)
 j - a +1 pair of gloves (worn)
 w - +0 steam dragon scales
 z - the +6 scale mail of Yni Qumaje (worn) {rElec rPois}
   (You found it on level 5 of the Dungeon)

   rElec:     It insulates you from electricity.
   rPois:     It protects you from poison.
 C - +0 acid dragon scales
Jewellery
 g - a ring of wizardry
 n - a ring of flight
 o - a ring of poison resistance
 s - a ring of see invisible (right hand)
 x - a +6 ring of strength (left hand)
 B - an amulet of guardian spirit
Wands
 d - a wand of polymorph (6)
 m - a wand of digging (4)
 D - a wand of paralysis (4)
Scrolls
 k - 6 scrolls of teleportation
 t - 3 scrolls of identify
 u - a scroll of enchant armour
 y - 2 scrolls of silence
 A - a scroll of fog
Potions
 f - 5 potions of curing
 h - 5 potions of flight
 l - a potion of cancellation
 p - 2 potions of might
 q - 3 potions of attraction


   Skills:
 + Level 5.7 Fighting
 + Level 6.2 Staves
 + Level 4.7 Throwing
 + Level 4.9 Armour
 + Level 5.9 Dodging
 + Level 1.8 Spellcasting
 + Level 2.0 Translocations
 + Level 4.0 Invocations
 + Level 3.7 Evocations


You had 10 spell levels left.
You knew the following spells:

 Your Spells              Type           Power      Damage    Failure   Level
a - Apportation           Tloc           8%         N/A       32%         1

Your spell library contained the following spells:

 Spells                   Type           Power      Damage    Failure   Level
 Alistair's Intoxication  Tmut/Pois      0%         N/A       100%        5


Dungeon Overview and Level Annotations

Branches:
Dungeon (7/15)             Temple (1/1) D:6            Lair (0/5) D:9
  Sewer (visited)

Altars:
Ashenzari
Dithmenos
Elyvilon
Fedhas
Gozag
Hepliaklqana
Kikubaaqudgha
Makhleb
Okawaru
Qazlal
Ru
Sif Muna
Trog
Uskayaw
Vehumet
Wu Jian
Xom
Zin
The Shining One

Shops:
D:4 [


Innate Abilities, Weirdness & Mutations

You have a pair of horns on your head.
You reflexively headbutt those who attack you in melee.
You are somewhat resistant to further mutation.


Message History

A komodo dragon comes into view.
The komodo dragon hisses angrily.
You see here a Fen Folio.
You hit the komodo dragon.
You headbutt the komodo dragon, but do no damage.
The komodo dragon is lightly wounded.
The komodo dragon barely misses you.
You hit the komodo dragon but do no damage.
The komodo dragon is lightly wounded.
The komodo dragon bites you.
You hit the komodo dragon.
The komodo dragon is moderately wounded.
The komodo dragon bites you.
You hit the komodo dragon.
You headbutt the komodo dragon, but do no damage.
The komodo dragon is moderately wounded.
The komodo dragon bites you!
You closely miss the komodo dragon. You headbutt the komodo dragon.
The komodo dragon is moderately wounded.
The komodo dragon bites you!!
You hit the komodo dragon but do no damage.
You headbutt the komodo dragon!
The komodo dragon is heavily wounded.
The komodo dragon bites you but does no damage.
You completely miss the komodo dragon.
The komodo dragon is heavily wounded.
The komodo dragon closely misses you.
You sock the komodo dragon!
The komodo dragon is severely wounded.
The komodo dragon bites you.
* * * LOW HITPOINT WARNING * * *
You hit the komodo dragon but do no damage.
The komodo dragon is severely wounded.
The komodo dragon bites you!
* * * LOW HITPOINT WARNING * * *
Okay, then.
Okay, then.
You are confused.
You feel invigorated. The komodo dragon bites you!
You die...

### ### ## #.###.######
### #.###......#.... ..#
##...#........##
#.##............##
#.#####.............#.##
#......@....#...###..###
.......l.##.##..#...#..(
...###.#..####.########†
. #..##.# ##> #.... ###
## ## #####


You could see a komodo dragon.

Vanquished Creatures
  Prince Ribbit (D:5)
  Sigmund (D:4)
  A steam dragon (D:9)
  Menkaure (D:6)
  A basilisk (D:9)
  A water moccasin (D:4)
  An acid dragon (D:6)
  A black bear (D:5)
  2 sky beasts
  3 bullfrogs
  4 scorpions
  4 howler monkeys
  2 hounds (D:5)
  2 jellies
  5 iguanas
  Terence (D:2)
  A sleepcap (D:6)
  A hell rat (Sewer)
  6 adders
  A shadow imp (D:5)
  3 white imps
  An ufetubus (D:5)
  2 dart slugs
  8 orcs
  6 ball pythons
  9 endoplasms
  4 giant cockroaches
  6 goblins
  8 hobgoblins
  7 quokkas
  7 bats
  2 frilled lizards
  8 kobolds
  13 rats
124 creatures vanquished.

Notes
Turn   | Place    | Note
-------+----------+-------------------------------------------
     0 | D:1      | howech the Minotaur Gladiator began the quest for the Orb.
     0 | D:1      | Reached XP level 1. HP: 18/18 MP: 0/0
    65 | D:1      | Reached XP level 2. HP: 25/25 MP: 1/1
   362 | D:1      | Reached skill level 1 in Armour
   412 | D:1      | Reached XP level 3. HP: 30/30 MP: 2/2
  1009 | D:2      | Noticed Terence
  1025 | D:2      | Killed Terence
  1026 | D:2      | Reached skill level 4 in Staves
  1026 | D:2      | Reached skill level 1 in Invocations
  1026 | D:2      | Reached skill level 1 in Evocations
  1026 | D:2      | Reached XP level 4. HP: 14/38 MP: 3/3
  1562 | D:3      | Found a glowing drain.
  1576 | Sewer    | Entered a sewer
  1749 | D:3      | Noticed a bullfrog
  1755 | D:3      | Killed a bullfrog
  1756 | D:3      | Reached XP level 5. HP: 41/45 MP: 5/5
  1941 | D:3      | Found a shadowy altar of Dithmenos.
  2282 | D:4      | Noticed Sigmund
  2300 | D:4      | Killed Sigmund
  2301 | D:4      | Reached XP level 6. HP: 50/52 MP: 6/6
  2324 | D:4      | Noticed a water moccasin
  2334 | D:4      | Killed a water moccasin
  2592 | D:4      | Reached XP level 7. HP: 46/59 MP: 7/7
  3048 | D:4      | Found Iclety's Armour Shop.
  3138 | D:4      | Learned a level 1 spell: Apportation
  3171 | D:5      | Entered Level 5 of the Dungeon
  3234 | D:5      | Reached skill level 5 in Staves
  3264 | D:5      | Found a radiant altar of Vehumet.
  3462 | D:5      | Identified the +6 scale mail of Yni Qumaje {rElec rPois}
  3571 | D:5      | Reached skill level 5 in Dodging
  3580 | D:5      | Reached skill level 1 in Translocations
  3580 | D:5      | Reached XP level 8. HP: 56/67 MP: 9/9
  4142 | D:6      | Noticed Prince Ribbit
  4168 | D:5      | Killed Prince Ribbit
  4169 | D:5      | Reached skill level 5 in Fighting
  4169 | D:5      | Reached skill level 1 in Spellcasting
  4372 | D:6      | Identified the +7 sling "Zutief" {freeze, rElec rF++ Str-2}
  4461 | D:6      | Found a staircase to the Ecumenical Temple.
  4470 | Temple   | Entered the Ecumenical Temple
  4792 | D:6      | Found a glowing golden altar of the Shining One.
  4798 | D:6      | Found an opulent altar of Gozag.
  4899 | D:6      | Noticed Menkaure
  4906 | D:6      | Killed Menkaure
  4911 | D:6      | Reached skill level 6 in Staves
  5061 | D:6      | Gained mutation: You are somewhat resistant to further
                  | mutation. [potion of mutation]
  5081 | D:7      | Reached XP level 9. HP: 73/74 MP: 10/10
  5087 | D:7      | You fall into a shaft and drop 2 floors!
  5179 | D:9      | Found a staircase to the Lair.
  5185 | D:9      | Noticed a komodo dragon
  5196 | D:9      | Slain by a komodo dragon

Illustrated notes

Levels and vault maps discovered:
D:1:      heliophobic_arrival_battle_scene, layout_loops_ring
D:2:      layout_loops_cross, uniq_terence
D:3:      layout_loops_ring, general_overflow_altar, portal_sewer_entry_a,
          minmay_misc_feat_five
D:4:      kennysheep_big_flooded_room, layout_loops_ring, serial_shops,
          nicolae_shop_hallway_plus, uniq_sigmund
D:5:      layout_basic, nicolae_vehumet_altar_sigil, minmay_checkerbox
D:6:      layout_rooms, mainiacjoe_overflow_large_starburst, temple_hall,
          roderic_malta_cross, uniq_menkaure, uniq_prince_ribbit1
D:7:      layout_cave_pools, slow_altar_1, serial_co_window_serial,
          co_window_cross_1, co_window_paths_b, co_window_paths_a,
          co_window_of_opportunity_a, co_window_paths_b,
          co_window_of_opportunity_b, co_window_corner_b, co_window_cross_3,
          co_window_corner_cb, glass_columns_b, glass_columns_b
D:9:      layout_rooms, lemuel_round_altar, erik_lair_dragon,
          chequers_serial_rivers_micro_c, uniq_psyche
Temple:   nicolae_temple_bog_church

Skill      XL: |  1  2  3  4  5  6  7  8  9 |
---------------+----------------------------+-----
Armour         | 1 2 3 4 |  4.9
Fighting       | 3 4 5 |  5.7
Staves         | 4 5 6 |  6.2
Invocations    | 1 2 3 4 |  4.0
Evocations     | 1 2 3 |  3.7
Dodging        | 4 5 |  5.9
Throwing       | 3 4 |  4.7
Translocations | 1 2 |  2.0
Spellcasting   | 1 |  1.8

Action                     |  1- 3 |  4- 6 |  7- 9 || total
---------------------------+-------+-------+-------++-------
  Melee: Quarterstaff      |    71 |    85 |   178 ||   334
         Headbutt          |    14 |    13 |    42 ||    69
  Throw: Throwing net      |     1 |     1 |     1 ||     3
    Use: Scroll            |     4 |     5 |     6 ||    15
         Potion            |       |     1 |     2 ||     3
   Stab: Held in net/web   |     1 |       |       ||     1
 Armour: Leather armour    |    15 |    20 |    19 ||    54
         Scale mail        |       |       |    52 ||    52
  Dodge: Dodged            |    50 |    51 |   104 ||   205

Table legend: (Time is in decaauts)
 A = Elapsed time spent in this place.
 B = Non-inter-level travel time spent in this place.
 C = Inter-level travel time spent in this place.
 D = Time resting spent in this place.
 E = Time spent auto-exploring this place.
 F = Levels seen in this place.
 G = Mean time per level.
                   A        B        C        D        E       F      G
               +--------+--------+--------+--------+--------+-----+--------+
         Total |   5242 |   4991 |    251 |    289 |   3527 |  10 |  524.2 |
       Dungeon |   4881 |   4637 |    244 |    289 |   3318 |   8 |  610.1 |
        Temple |    257 |    250 |      7 |      0 |    169 |   1 |  257.0 |
         Sewer |    103 |    103 |      0 |      0 |     39 |   1 |  103.0 |
               +--------+--------+--------+--------+--------+-----+--------+

Top non-repeatable levels by time:
     D:5: 1068 daAuts
     D:4: 914 daAuts
     D:1: 883 daAuts
     D:2: 648 daAuts
     D:3: 645 daAuts
     D:6: 587 daAuts
  Temple: 257 daAuts
     D:9: 109 daAuts
   Sewer: 103 daAuts
     D:7: 23 daAuts
